Unix NetHack Version 5.0.0-0 post-release - last build May 31 2026 23:59:36 (970b52f25bf058293b47ddfd14a1e40e571c508c,branch:main).

Game began 2026-06-07 15:39:52, ended 2026-06-07 16:15:02.

Frompor, neutral female human Valkyrie

             ---                                  ----                   ----
            --.---   ----             -------   ---..----                |..|
            |....----|.)-----        --..--.--  |.....|.---             --..--
            |.......--)..|..----------...)...---|.........----         --....|
            |......)....)......................---.........|.--       --.....--
            -...----.)....(....-------..........--............|       |.......|
            .----  --.).....         --..........%............|       |.----.--
                    |.*..<.            --.....................|   -----.|  ---
                    |%%....             ---##--...............-- --.|.^.--
                    .)*.--                #--#|................| |.......|
                    .|..|                 |..|#.--.--..........- |.......|
                                     ------..--.-------....---..----...^.|
                                    --.--..........----@...|............--
                                    |.................e%h.--.--------...|
                                    --..............-----....|     |..---
                                     ---.|..........^| |...---     |..|
                                       ------.......-| --.--      --[.|
                                            -----....---..|       |..--
                                                ----.....--       |..|
                                                   --....|        ----
                                                    ------
Frompor the Fighter         St:18/03 Dx:12 Co:18 In:11 Wi:8 Ch:8  Neutral S:2019
Dlvl:5  $:77 HP:0(55) Pw:13(13) AC:0  Xp:6/428 T:2902 

Latest messages:
 There are several objects here.
 There is a hobbit corpse here; eat it? [ynq] (n) y
 This hobbit corpse is gamey.
 You finish eating the hobbit corpse.
 x - 2 orange gems (3 in total).
 N - a gray stone (2 in total).
 You see here a towel.
 Q - a towel.
 You see here a scroll labeled EIRIS SAZUN IDISI.
 R - a scroll labeled EIRIS SAZUN IDISI.
 You are almost hit by an aklys.
 The aklys returns to its hand!
 You kill the gnome!
 There is a gnome corpse here; eat it? [ynq] (n) y
 This gnome corpse is fatty.
 You finish eating the gnome corpse.
 You are carrying too much to get through.
 You kill the gnome!
 You are carrying too much to get through.
 You feel your magical energy drain away!
 You see here a crystal plate mail.
 You have a little trouble lifting a crystal plate mail.  Continue? [ynq] (q) n
 You see here a crystal plate mail.
 You see here a crystal plate mail.
 A gush of water hits your right arm!
 Your spear rusts!
 You feel charismatic!
 You hit the violet fungus!
 You hit the violet fungus!
 You kill the violet fungus!
 You hit the floating eye!
 You hit the floating eye!
 You miss the floating eye.
 You are frozen by the floating eye's gaze!
 The hobbit thrusts her dagger.
 The hobbit hits!
 The hobbit thrusts her dagger.
 The hobbit hits!
 The hobbit thrusts her dagger.
 The hobbit hits!
 The hobbit thrusts her dagger.
 The hobbit hits!
 The hobbit thrusts her dagger.
 The hobbit hits!
 The hobbit thrusts her dagger.
 The hobbit hits!
 The hobbit thrusts her dagger.
 The hobbit hits!
 You die...
 Do you want your possessions identified? [ynq] (y) q

Inventory:
 Coins    ('$')
  $ - 77 gold pieces
 Weapons  (')')
  D - 11 +0 arrows
  J - a +0 crossbow bolt
  z - 23 +0 darts
  K - 13 cursed +0 darts
  b - a +0 dagger (alternate weapon; not wielded)
  C - a cursed -3 dagger
  q - a +1 elven dagger
  t - a +0 elven dagger
  a - a rusty +1 spear (weapon in left hand)
 Armor    ('[')
  f - an uncursed +2 orcish helm (being worn)
  h - a blessed burnt +1 pair of leather gloves (being worn)
  j - an uncursed +0 pair of iron shoes (being worn)
  i - an uncursed +0 pair of low boots
  c - an uncursed +3 small shield (being worn)
  L - an uncursed +0 dwarvish mithril-coat
  O - an uncursed +0 dwarvish mithril-coat
 Comestibles  ('%')
  m - an uncursed clove of garlic
  d - 6 uncursed food rations
 Scrolls  ('?')
  n - an uncursed scroll of create monster
  r - an uncursed scroll of enchant armor
  R - an uncursed scroll of magic mapping
 Spellbooks  ('+')
  k - an uncursed spellbook of magic missile
 Potions  ('!')
  u - an uncursed potion of gain energy
  B - an uncursed potion of object detection
  w - an uncursed potion of polymorph
 Rings    ('=')
  e - an uncursed ring of free action
  H - an uncursed ring of searching
 Wands    ('/')
  P - a wand of cold (0:8)
  y - a wand of magic missile (0:2)
 Tools    ('(')
  l - a cursed blindfold
  G - an uncursed magic whistle
  Q - an uncursed towel
 Gems/Stones  ('*')
  M - an uncursed dilithium crystal
  v - an uncursed jade stone
  A - an uncursed opal
  E - an uncursed worthless piece of blue glass
  s - an uncursed worthless piece of green glass
  x - 3 uncursed worthless pieces of orange glass
  I - an uncursed worthless piece of violet glass
  F - 2 uncursed worthless pieces of yellowish brown glass
  N - 2 uncursed flint stones

Frompor the Valkyrie's attributes:

Background:
 You were a Fighter, a level 6 human Valkyrie.
 You were neutral, nominally on a mission for Odin
 who was opposed by Tyr (lawful) and Loki (chaotic).
 You were left-handed.
 You were in the Gnomish Mines, on level 5.
 You entered the dungeon 2902 turns ago.
 You had 428 experience points, 212 more were needed to attain level 7.
 Your score was 2019 before end-of-game adjustments.

Basics:
 You had 0 out of 55 hit points.
 You had all 13 energy points (spell power).
 Your armor class was 0.
 Your wallet contained 77 zorkmids.
 Autopickup was off.

Final Characteristics:
 Your strength was 18/03 (limit:18/100).
 Your dexterity was 12 (limit:18).
 Your constitution was 18 (limit:18).
 Your intelligence was 11 (limit:18).
 Your wisdom was 8 (limit:18).
 Your charisma was 8 (limit:18).

Final Status:
 You weren't hungry.
 You were unencumbered.
 You were wielding a spear.
 You were skilled in spear.

Final Attributes:
 You were piously aligned.
 You were cold resistant.
 You were stealthy.
 You are dead.

Miscellaneous:
 You didn't encounter any bones levels.
 Total elapsed playing time was 35 minutes.

Major events:
 Turn
    1: Frompor the neutral human Valkyrie entered the dungeon
 1014: attained the rank of Skirmisher (level 3)
 1521: entered the Gnomish Mines
 2312: attained the rank of Fighter (level 6)
 2902: killed by a hobbit, while frozen by a floating eye's gaze

You didn't know any spells.

Skills:
 Fighting Skills
   bare handed combat [Unskilled]
   two weapon combat  [Unskilled]
   riding             [Unskilled]
 Weapon Skills
   dagger             [Basic]
   axe                [Unskilled]
   pick-axe           [Unskilled]
   short sword        [Unskilled]
   broadsword         [Unskilled]
   long sword         [Unskilled]
   two-handed sword   [Unskilled]
   saber              [Unskilled]
   hammer             [Unskilled]
   quarterstaff       [Unskilled]
   polearms           [Unskilled]
   spear              [Skilled]
   trident            [Unskilled]
   lance              [Unskilled]
   sling              [Unskilled]
 Spellcasting Skills
   attack spells      [Unskilled]
   escape spells      [Unskilled]

Voluntary challenges:
 Character rerolling was not enabled.
 You were an atheist.
 You never genocided any monsters.
 You never polymorphed an object.
 You never changed form.
 You used no wishes.
Achievements:
 You entered a shop.
 You attained the rank of Skirmisher.
 You entered the Gnomish Mines.
 You attained the rank of Fighter.

 The Dungeons of Doom: levels 1 to 4
    Level 1:
    Level 2:
       An armor shop, a fountain.
    Level 3:
       A scroll shop.
       Stairs down to The Gnomish Mines.
    Level 4:
 The Gnomish Mines: levels 4 to 5
    Level 4:
    Level 5: <- You were here.
       Final resting place for
          you, killed by a hobbit, while frozen by a floating eye's gaze.


Vanquished creatures:
  a violet fungus
  5 gnome leaders
  a kitten
  4 dwarves
  6 rothes
  a wererat
 an iguana
  a gas spore
  3 hobbits
  a hobgoblin
  7 giant rats
  a yellow mold
  a green mold
 17 gnomes
  a gecko
  a jackal
  3 foxes
  3 goblins
  7 sewer rats
 11 grid bugs
  4 lichens
  2 kobold zombies
  a newt
83 creatures vanquished.

No species were genocided or became extinct.

Game over:
                       ----------
                      /          \
                     /    REST    \
                    /      IN      \
                   /     PEACE      \
                  /                  \
                  |     Frompor      |
                  |      77 Au       |
                  |   killed by a    |
                  |      hobbit      |
                  |                  |
                  |                  |
                  |       2026       |
                 *|     *  *  *      | *
        _________)/\\_//(\/(/\)/\//\/|_)_______

Farvel Frompor the Valkyrie...

You died in The Gnomish Mines on dungeon level 5 with 2012 points,
and 77 pieces of gold, after 2902 moves.
You were level 6 with a maximum of 55 hit points when you died.

